 Dungeon Crawl Stone Soup version 0.20-a0-280-g7acc565 (webtiles) character file.

1377 Jraekied the Twirler (level 8, -2/105 HPs)
             Began as a Demonspawn Gladiator on Dec 13, 2016.
             Was a Follower of Cheibriados.
             Slain by a scorpion (3 damage)
             ... on level 5 of the Dungeon.
             The game lasted 00:30:08 (4958 turns).

Jraekied the Twirler (Demonspawn Gladiator)         Turns: 4958, Time: 00:30:08

Health: -2/105     AC: 24    Str: 19    XL:     8   Next: 39%
Magic:  0/9        EV:  2    Int: 13    God:    Cheibriados [*.....]
Gold:   30         SH:  0    Dex: 23    Spells: 2/7 levels left

rFire  . . .     SeeInvis .     B - +2 war axe (flame)
rCold  . . .     Gourm    .     (armour currently unavailable)
rNeg   + + +     Faith    .     (no shield)
rPois  +         Spirit   +     (helmet currently unavailable)
rElec  .         Reflect  .     (cloak currently unavailable)
rCorr  .         Harm     .     (gloves currently unavailable)
MR     .....     NoTele   +     (boots currently unavailable)
Stlth  +++.......               (no amulet)
                                (no ring)
                                (no ring)

@: agile, lethally poisoned (-2 -> -2), tree-form, very slightly contaminated,
invisible (expiring), very slow
A: (antennae 0), (claws 0), (talons 0), demonic guardian 1, robust 1, magic
shield, magic regeneration
a: Bend Time, Renounce Religion


You were on level 5 of the Dungeon.
You worshipped Cheibriados.
Cheibriados was aware of your devotion.
You were hungry.
You were a tree.
You visited 1 branch of the dungeon, and saw 5 of its levels.

You collected 321 gold pieces.
You spent 291 gold pieces at shops.

Inventory:

Hand Weapons
 a - a +0 quarterstaff
 b - a +0 hunting sling
 y - a +0 shortbow
 B - a +2 war axe of flaming (weapon)
Missiles
 d - 94 stones (quivered)
 A - 37 arrows
Armour
 c - a +0 helmet
 i - a +0 leather armour
 k - a +0 ring mail (melded)
 s - a +0 cloak (melded)
Wands
 u - a wand of polymorph (12/24)
Scrolls
 e - a scroll of enchant weapon
 m - a scroll of teleportation {unknown}
 o - a scroll of enchant armour {unknown}
 p - a scroll of recharging
 q - a scroll of remove curse {unknown}
 t - a scroll of identify {unknown}
Potions
 h - a potion of lignification
 j - a potion of cancellation
 l - a potion of flight
Books
 w - a book of Callings

   Spells                             Type                      Level
   a - Summon Small Mammal            Summoning                    1
   b - Call Imp                       Summoning                    2
   c - Call Canine Familiar           Summoning                    3
   d - Summon Guardian Golem          Hexes/Summoning              3
   e - Summon Lightning Spire         Summoning/Air                4
   f - Summon Ice Beast               Ice/Summoning                4
Comestibles
 f - 5 bread rations
 n - 2 royal jellies


   Skills:
 - Level 5.6 Fighting
 + Level 1.8 Axes
 - Level 7.2 Staves
 - Level 1.7 Throwing
 - Level 2.6 Dodging
 + Level 2.9 Summonings
 - Level 2.6 Evocations


You had 2 spell levels left.
You knew the following spells:

 Your Spells              Type           Power        Failure   Level  Hunger
a - Call Imp              Summ           #.......     17%         2    ###....
b - Call Canine Familiar  Summ           #.......     34%         3    ####...


Dungeon Overview and Level Annotations

Branches:
Dungeon (5/15)             Temple (0/1) D:5

Altars:
Cheibriados
Ru
Zin
The Shining One

Shops:
D:4 *

Annotations:
D:3 thesun's ghost, amateur MiFi


Innate Abilities, Weirdness & Mutations

((You have a pair of small antennae on your head.))
((You have sharp fingernails.))
((You have sharp toenails.))
A weak demonic guardian rushes to your aid.
When hurt, damage is shared between your health and your magic reserves.
You regenerate magic rapidly.
You are robust. (+10% HP)


Message History

The killer bee stings you.
You are poisoned.
The killer bee poisons you! The killer bee completely misses you.
The killer bee stings you but does no damage.
The killer bee stings you.
* * * LOW HITPOINT WARNING * * *
The killer bee stings you but does no damage.
You don't have enough magic at the moment.
Okay, then.
Okay, then.
You miss the killer bee. You slash the killer bee! You burn the killer bee.
You kill the killer bee!
Cheibriados thoroughly appreciates the change of pace.
You slash the scorpion! You burn the scorpion.
You flicker for a moment.
* * * LOW HITPOINT WARNING * * *
You feel sick.
The killer bee stings you but does no damage. x2
The scorpion stings you.
You die...

### #.# #.........#
##.###(# #.#####.#.#
###...##(###.####....#
....................#..+
###...##.###.###.....###
#.....)..# #.# #.#.#(#
#.######## #>###.###.#
#.# #...s†y...###### #.#
#####♣######...# # #.#
#5.....#...##.# #.#
#.......<.....# ..#
##.._........(... ###
#...............# ###
#.......#........ ..#
#.###.#.#...#...# #.# #.
#.#.##?###.## #.# #
#.... .# .#


You could see a scorpion, a killer bee and a friendly white imp.

Vanquished Creatures
  Pikel (D:5)
  A steam dragon (D:5)
  2 slaves (D:4)
  An ogre (D:4)
  2 killer bees (D:5)
  A crimson imp (D:5)
  A hound (D:4)
  A bullfrog skeleton (D:4)
  3 orc wizards
  3 worker ants (D:4)
  9 adders
  A shadow imp (D:5)
  An ooze (D:1)
  An adder zombie (D:5)
  An adder skeleton (D:4)
  2 worms (D:2)
  A dart slug (D:1)
  3 leopard geckos
  14 orcs
  2 ball pythons
  6 bats
  3 giant cockroaches
  3 goblins (D:2)
  7 hobgoblins
  10 jackals
  4 quokkas
  A ball python skeleton (D:5)
  4 frilled lizards
  14 kobolds
  5 rats
108 creatures vanquished.

Vanquished Creatures (collateral kills)
  A slave (D:4)
  An ogre (D:4)
  A centaur (D:5)
  A scorpion (D:4)
  A howler monkey (D:4)
  2 orc wizards
  A worker ant (D:5)
  An adder (D:5)
  An adder zombie (D:5)
  6 orcs
16 creatures vanquished.

Vanquished Creatures (others)
  A jackal (D:5)
1 creature vanquished.

Grand Total: 125 creatures vanquished

Notes
Turn   | Place    | Note
-------+----------+-------------------------------------------
     0 | D:1      | Jraekied the Demonspawn Gladiator began the quest for the Orb.
     0 | D:1      | Reached XP level 1. HP: 16/16 MP: 1/1
    57 | D:1      | Found a glowing golden altar of the Shining One.
   148 | D:1      | Reached skill level 3 in Staves
   148 | D:1      | Gained mutation: A weak demonic guardian rushes to your aid. [demonic ancestry]
   148 | D:1      | Reached XP level 2. HP: 17/22 MP: 2/2
   859 | D:2      | Gained mutation: You have sharp toenails. [demonic ancestry]
   859 | D:2      | Reached XP level 3. HP: 20/28 MP: 3/3
  1589 | D:2      | Reached skill level 4 in Staves
  1589 | D:2      | Gained mutation: When hurt, damage is shared between your health and your magic reserves. [demonic ancestry]
  1589 | D:2      | Reached XP level 4. HP: 28/34 MP: 4/4
  1590 | D:2      | Found a glowing silver altar of Zin.
  2446 | D:3      | Noticed thesun's ghost (amateur MiFi)
  2566 | D:4      | Noticed an ogre
  2582 | D:4      | Killed an ogre
  2582 | D:4      | Gained mutation: You have sharp fingernails. [demonic ancestry]
  2582 | D:4      | Reached XP level 5. HP: 18/41 MP: 5/5
  2866 | D:4      | Reached skill level 5 in Staves
  3125 | D:4      | Gained mutation: You have a pair of small antennae on your head. [demonic ancestry]
  3125 | D:4      | Reached XP level 6. HP: 24/48 MP: 4/6
  3409 | D:5      | Entered Level 5 of the Dungeon
  3409 | D:5      | Found a sacrificial altar of Ru.
  3415 | D:5      | Became a worshipper of Ru the Awakened
  3597 | D:4      | Reached skill level 6 in Staves
  3616 | D:4      | Found a snail-covered altar of Cheibriados.
  3708 | D:4      | Found Naunisiu's General Store.
  3722 | D:4      | Fell from the grace of Ru
  3722 | D:4      | Became a worshipper of Cheibriados the Contemplative
  3832 | D:4      | Reached XP level 7. HP: 41/55 MP: 5/7
  4045 | D:5      | Noticed Pikel
  4189 | D:5      | Killed Pikel
  4189 | D:5      | Reached skill level 5 in Fighting
  4189 | D:5      | Reached skill level 7 in Staves
  4207 | D:5      | Learned a level 2 spell: Call Imp
  4211 | D:5      | Learned a level 3 spell: Call Canine Familiar
  4259 | D:5      | Reached skill level 1 in Summonings
  4391 | D:5      | Gained mutation: You regenerate magic rapidly. [demonic ancestry]
  4391 | D:5      | Reached XP level 8. HP: 58/64 MP: 6/8
  4519 | D:5      | Reached * piety under Cheibriados
  4595 | D:5      | Found a staircase to the Ecumenical Temple.
  4663 | D:5      | Reached skill level 1 in Evocations
  4783 | D:4      | Bought a scroll of enchant weapon for 105 gold pieces
  4783 | D:4      | Bought a +1 war axe of flaming for 186 gold pieces
  4937 | D:5      | HP: 2/64 [steam dragon/ball of steam (4)]
  4949 | D:5      | HP: 4/96 [killer bee (4)]
  4949 | D:5      | HP: 1/96 [killer bee (1)]
  4953 | D:5      | Gained mutation: You are robust. (+10% HP) [potion of beneficial mutation]
  4955 | D:5      | Reached skill level 1 in Axes
  4956 | D:5      | HP: 3/105 [killer bee (1)]
  4958 | D:5      | HP: 1/105 [poisoned by a killer bee]
  4958 | D:5      | Slain by a scorpion

Vault maps used:
D:1:      ncdulo_watergridlock, tso_metal_star
D:2:      minmay_kobold_bridge, lemuel_doored_altar, hangedman_feature_mirror
D:4:      wad_crossroads, serial_shops, shop, hangedman_decor_points,
          cheibriados_altar_1
D:5:      minmay_opposing_rooms, gammafunk_temple_overflow_elements,
          basic_altar, first_bread, mrwooster_statue_mirror, uniq_blork_the_orc,
          uniq_pikel

Skill      XL: |  1  2  3  4  5  6  7  8 |
---------------+-------------------------+-----
Staves         | 3 4 5 6 7 |  7.2
Fighting       | 3 4 5 |  5.6
Summonings     | 1 2 |  2.9
Evocations     | 2 |  2.6
Axes           | 1 |  1.8
Throwing       | |  1.7
Dodging        | |  2.6

Action                   |  1- 3 |  4- 6 |  7- 9 || total
-------------------------+-------+-------+-------++-------
Melee: Quarterstaff      |   104 |   202 |    99 ||   405
       Kick              |    10 |    52 |    38 ||   100
       War axe           |       |       |    15 ||    15
 Fire: Hunting sling     |    14 |       |       ||    14
Throw: Throwing net      |     5 |       |       ||     5
       Stone             |       |     1 |       ||     1
 Cast: Call Imp          |       |       |     1 ||     1
Evoke: Wand              |       |       |     1 ||     1
  Use: Potion            |       |     1 |     9 ||    10
       Scroll            |       |     1 |     2 ||     3
 Stab: Distracted        |       |       |     1 ||     1
       Invisible         |       |       |     2 ||     2
  Eat: Chunk             |     2 |     3 |     3 ||     8
       Bread ration      |       |     1 |       ||     1
Armor: Leather armour    |    35 |       |       ||    35
       Ring mail         |     8 |    68 |    45 ||   121
       Skin              |       |       |    41 ||    41
Dodge: Dodged            |   102 |   155 |   108 ||   365
